AoeStats
← TobsusMaximus

Arena

510187185Analyzed
4v4 RM · 1d ago on Sep 29, 2026· 41m 54s· 8 players
Game mode
Random Map
Map size
Large (8 player)
Population
200
Speed
Normal
Resources
Standard
Victory
Conquest
Starting age
Dark Age
Ending age
Imperial Age
RankedLock teamsTeams togetherTeam positionsShared explorationLock speedFull tech treeHidden civsTurbo modeCheats
Victory
Defeat
🇦🇷 Mongols · Argentina
1108
+12
🇩🇪 Bengalis · Germany
1028
+16
🇫🇷 Spanish · France
999
+17
🇦🇷 Teutons · Argentina
874
+22
🇦🇷 Vietnamese · Argentina
1047
-18
🇵🇪 Danes · Peru
1037
-18
🇨🇱 Byzantines · Chile
1003
-16
🇦🇷 Varangians · Argentina
981
-15
KissMyAxe
9:58 Feudal Age
14:14 Castle Age
14:29 Loom
27:55 Bloodlines
29:50 Double-Bit Axe
29:49 Horse Collar
32:56 Wheelbarrow
32:50 Gold Mining
38:03 Hand Cart
43:51 Imperial Age
42:11 Scale Barding Armor
42:17 Forging
TobsusMaximus
10:58 Feudal Age
15:05 Castle Age
13:23 Double-Bit Axe
13:43 Horse Collar
17:12 Bow Saw
17:04 Loom
22:42 Heavy Plow
24:20 Wheelbarrow
28:52 Imperial Age
26:28 Gold Mining
27:09 Town Watch
27:40 Hand Cart
27:51 Stone Mining
28:22 Fletching
28:39 Scale Barding Armor
28:46 Bloodlines
28:38 Husbandry
29:00 Ballistics
29:33 Bodkin Arrow
30:40 Chemistry
30:15 Elite Elephant Archer
32:39 Bracer
33:00 Chain Barding Armor
32:48 Siege Engineers
33:06 Conscription
32:31 Siege Elephant
36:56 Plate Barding Armor
37:11 Town Patrol
38:07 Onager
41:05 Paiks
Sauco
4:53 Loom
12:32 Feudal Age
16:29 Castle Age
14:16 Double-Bit Axe
17:40 Gambesons
18:41 Man-at-Arms
22:29 Squires
22:12 Horse Collar
22:45 Bow Saw
24:22 Long Swordsman
30:54 Wheelbarrow
37:33 Imperial Age
40:26 Chemistry
39:36 Gold Mining
40:56 Ballistics
41:32 Heavy Plow
41:50 Hand Cart
41:24 Town Watch
42:41 Two-Man Saw
41:33 Stone Mining
42:14 Ironclad
soy el Nico
8:29 Feudal Age
15:16 Castle Age
14:07 Stone Mining
14:39 Double-Bit Axe
18:05 Gold Mining
19:18 Scale Barding Armor
19:07 Loom
19:23 Horse Collar
23:57 Bloodlines
24:56 Forging
24:58 Fletching
28:02 Iron Casting
33:11 Imperial Age
31:18 Bodkin Arrow
31:48 Murder Holes
32:39 Husbandry
36:00 Bracer
38:00 Chemistry
37:11 Masonry
38:33 Ballistics
41:42 Onager
Bakumian
10:15 Feudal Age
11:45 Double-Bit Axe
15:10 Horse Collar
18:58 Castle Age
18:04 Scale Barding Armor
18:56 Stone Mining
19:41 Light Cavalry
22:02 Forging
27:41 Wheelbarrow
28:00 Bow Saw
30:31 Gold Mining
30:57 Husbandry
32:19 Loom
33:42 Heavy Plow
36:33 Imperial Age
35:26 Chain Barding Armor
36:17 Iron Casting
YB
12:05 Feudal Age
15:58 Castle Age
16:26 Elite Skirmisher
17:44 Squires
17:31 Arson
26:31 Wheelbarrow
25:44 Loom
Janzen
5:40 Loom
12:29 Feudal Age
13:37 Double-Bit Axe
15:55 Castle Age
21:26 Horse Collar
21:43 Fletching
23:47 Elite Skirmisher
25:25 Stone Mining
26:15 Wheelbarrow
26:22 Scale Mail Armor
28:08 Forging
28:47 Bow Saw
28:54 Hand Cart
29:29 Scale Barding Armor
31:17 Husbandry
31:28 Bloodlines
31:56 Iron Casting
31:47 Ballistics
32:02 Heavy Plow
36:02 Imperial Age
34:37 Town Watch
35:19 Gold Mining
36:19 Elite Jarl
37:23 Conscription
40:19 Chemistry
41:05 Fortified Wall
42:04 Chain Barding Armor
pelusinho
11:14 Feudal Age
11:42 Double-Bit Axe
12:37 Loom
17:32 Castle Age
15:24 Gold Mining
16:23 Stone Mining
16:44 Horse Collar
18:27 Bow Saw
23:59 Fortified Wall
28:08 Fletching
28:44 Bodkin Arrow
29:19 Ballistics
30:01 Padded Archer Armor
34:51 Imperial Age
34:00 Stone Shaft Mining
33:37 Elite Skirmisher
34:57 Elite Rattan Archer
36:56 Chemistry
38:35 Bracer
Connection lost

Rejoining the realm…

Still unreachable

The connection could not be restored.

Session expired

The server has moved on; the page needs a fresh start.